 Dungeon Crawl Stone Soup version 0.30-b1-2-g02819fbbbe (webtiles) character file.

Game seed: 2590955993426247095

12 Alarkh the Grasshopper (level 2, -2/22 HPs)
             Began as a Demonspawn Warper on May 28, 2023.
             Slain by a jackal (3 damage)
             ... on level 1 of the Dungeon.
             The game lasted 00:00:49 (197 turns).

Alarkh the Grasshopper (Demonspawn Warper)           Turns: 197, Time: 00:00:50

Health: -2/22      AC:  3    Str: 11    XL:     2   Next: 20%
Magic:  5/5        EV: 11    Int: 16    God:
Gold:   26         SH:  0    Dex: 12    Spells: 5/5 levels left

rFire   . .          .
                       - Unarmed
rCold   . . .        (no shield)
rNeg    . . .        a - +0 leather armour
rPois   .            (no helmet)
rElec   .            (no cloak)
rCorr   .            (no gloves)
SInv    .            (no boots)
Will    .....        (no amulet)
Stlth   +            (no ring)
HPRegen 0.23/turn    (no ring)
MPRegen 0.09/turn

%: no passive effects
@: no status effects
A: big brain 1
a: no special abilities


You were on level 1 of the Dungeon.
You visited 1 branch of the dungeon, and saw 1 of its levels.

You collected 26 gold pieces.

Inventory:

Armour
 a - a +0 leather armour (worn)
Scrolls
 b - a scroll of blinking
 d - a scroll of identify {unknown}
 e - a scroll of poison {unknown}


   Skills:
 - Level 2.0 Fighting
 - Level 0.8 Throwing
 - Level 0.8 Armour
 - Level 1.7 Dodging
 + Level 2.6 Unarmed Combat
 - Level 2.0 Spellcasting
 - Level 2.6 Translocations


You had 5 spell levels left.
You didn't know any spells.
Your spell library contained the following spells:

 Spells                   Type           Power      Damage    Failure   Level
 Blink                    Tloc           20%        N/A       14%         2
 Lesser Beckoning         Tloc           20%        N/A       14%         2
 Teleport Other           Tloc           10%        N/A       26%         3
 Vhi's Electric Charge    Tloc/Air       10%        N/A       43%         3
 Manifold Assault         Tloc           10%        N/A       65%         4


Dungeon Overview and Level Annotations

Branches:
Dungeon (1/15)

Altars:


Innate Abilities, Weirdness & Mutations

You have an unusually large brain. (Int +2)


Message History

The jackal is almost dead.
The jackal bites you.
* * * LOW HITPOINT WARNING * * *
You hit the jackal but do no damage.
The jackal is almost dead.
The jackal completely misses you.
You closely miss the jackal.
The jackal is almost dead.
The jackal bites you.
* * * LOW HITPOINT WARNING * * *
The jackal barely misses you.
You closely miss the jackal.
The jackal is almost dead.
The jackal barely misses you.
You barely miss the jackal.
The jackal is almost dead.
The jackal closely misses you.
You hit the jackal but do no damage.
The jackal is almost dead.
The jackal barely misses you. x2
You hit the jackal.
You kill the jackal!
The jackal misses you.
You hit the jackal but do no damage. The jackal completely misses you.
You barely miss the jackal. The jackal barely misses you.
You closely miss the jackal. The jackal bites you.
* * * LOW HITPOINT WARNING * * *
The jackal bites you.
* * * LOW HITPOINT WARNING * * *
You barely miss the jackal. The jackal barely misses you.
You hit the jackal but do no damage. The jackal barely misses you.
You miss the jackal. The jackal closely misses you.
The jackal barely misses you.
You hit the jackal but do no damage. The jackal bites you.
* * * LOW HITPOINT WARNING * * *
You closely miss the jackal. The jackal misses you.
You miss the jackal. The jackal bites you.
* * * LOW HITPOINT WARNING * * *
The jackal bites you.
You die...

#g##.#.........#.............
.. ..#...)†.##.###.......#.#.
## #....(....###.#.....#.#†
#.....................#.
........................
#.......#.#.........#.#.
#.#####J####..#.....#.#. #
#h# #...#.....#.#. #@#
#.............
........#..........##..
#.#####.#........#.##...
#.#.#..#...+## #.
..)........# . #.. ..## ..#
..#


You could see an endoplasm and a jackal.

Vanquished Creatures
  A bat (D:1)
  A goblin (D:1)
  A hobgoblin (D:1)
  2 jackals (D:1)
  2 kobolds (D:1)
  2 ball pythons (D:1)
  A frilled lizard (D:1)
  A rat (D:1)
11 creatures vanquished.

Notes
Turn   | Place    | Note
-------+----------+-------------------------------------------
     0 | D:1      | Alarkh the Demonspawn Warper began the quest for the Orb.
     0 | D:1      | Reached XP level 1. HP: 16/16 MP: 3/3
   175 | D:1      | Gained mutation: You have an unusually large brain. (Int
                  | +2) [demonic ancestry]
   175 | D:1      | Reached XP level 2. HP: 9/22 MP: 5/5
   197 | D:1      | HP: 1/22 [jackal (3)]
   197 | D:1      | Slain by a jackal

Illustrated notes

Levels and vault maps discovered:
D:1:      nicolae_arrival_washed_ashore, layout_basic,
          chequers_serial_rivers_room_a

Skill      XL: |  1 |
---------------+----+-----
Unarmed Combat | 2 |  2.6
Fighting       | |  2.0
Throwing       | |  0.8
Armour         | |  0.8
Dodging        | |  1.7
Spellcasting   | |  2.0
Translocations | |  2.6

Action                     || total
---------------------------++-------
  Melee: Unarmed           ||    51
  Throw: Boomerang         ||     7
 Armour: Leather armour    ||    17
  Dodge: Dodged            ||    76
